 Dungeon Crawl Stone Soup version 0.20-a0-1040-gfd09691 (webtiles) character file.

107 Gorglomux the Gusty (level 4, -2/36 HPs)
             Began as a Draconian Air Elementalist on Apr 23, 2017.
             Killed from afar by Natasha (4 damage)
             ... with a wand of flame (?/48)
             ... on level 3 of the Dungeon.
             The game lasted 00:07:02 (3106 turns).

Gorglomux the Gusty (Draconian Air Elementalist)    Turns: 3106, Time: 00:07:02

Health: -2/36      AC:  5    Str: 10    XL:     4   Next: 56%
Magic:  0/7        EV: 12    Int: 17    God:
Gold:   180        SH:  0    Dex: 11    Spells: 6/7 levels left

rFire    . . .     SeeInvis .   h - +0 whip
rCold    . . .     Gourm    .   (no shield)
rNeg     . . .     Faith    .   (armour unavailable)
rPois    .         Spirit   .   (helmet restricted)
rElec    .         Reflect  .   (no cloak)
rCorr    .         Harm     .   (no gloves)
MR       .....                  (no boots)
Stlth    ++........             (no amulet)
Regen    0.2/turn               (no ring)
MPRegen  0.1/turn               (no ring)

@: no status effects
A: unfitting armour, cold-blooded, AC +5
a: no special abilities


You were on level 3 of the Dungeon.
You were hungry.

You visited 1 branch of the dungeon, and saw 3 of its levels.

You collected 180 gold pieces.

Inventory:

Hand Weapons
 h - a +0 whip (weapon)
   (You took it off a kobold on level 1 of the Dungeon)
Armour
 e - a +1 large shield of protection
   (You found it on level 1 of the Dungeon)
 t - a scarf of cold resistance
   (You found it on level 2 of the Dungeon)
 u - a scarf of spirit shield
   (You found it on level 2 of the Dungeon)
Scrolls
 c - a scroll of recharging {unknown}
 d - 2 scrolls of enchant armour {unknown}
 g - 2 scrolls of remove curse {unknown}
 i - 2 scrolls of immolation {unknown}
 l - 2 scrolls of random uselessness {unknown}
 m - 2 scrolls of teleportation {unknown}
 o - 4 scrolls of identify {unknown}
 q - a scroll of fog {unknown}
 r - 2 scrolls of enchant weapon {unknown}
 w - 2 scrolls of amnesia {unknown}
Potions
 j - a potion of magic {unknown}
 n - a potion of agility {unknown}
 p - a potion of flight {unknown}
 s - a potion of might {unknown}
 v - a potion of haste {unknown}
Books
 a - a book of Air
Comestibles
 b - 3 bread rations {@e1@e1}
 f - 4 meat rations {@e2@e2}


   Skills:
 + Level 1.6 Fighting
 * Level 2.1 Maces & Flails
 - Level 1.7 Dodging
 - Level 1.7 Stealth
 - Level 2.3 Spellcasting
 - Level 2.2 Conjurations
 - Level 3.4 Air Magic


You had 6 spell levels left.
You knew the following spells:

 Your Spells              Type           Power        Failure   Level  Hunger
a - Shock                 Conj/Air       ##..         6%          1    #......


Dungeon Overview and Level Annotations

Branches:
Dungeon (3/15)

Altars:
Fedhas
Kikubaaqudgha
Okawaru

Annotations:
D:3 exclusion: oklob plant, Natasha


Innate Abilities, Weirdness & Mutations

Your plain brown scales are hard. (AC +5)
You cannot fit into any form of body armour.
You are cold-blooded and may be slowed by cold attacks.


Message History

Aim: an oklob plant (lightly damaged)
The zap hits the fungus.
The zap hits the plant.
The plant appears unharmed.
The zap hits the plant.
The plant appears unharmed.
The zap hits the plant.
The plant appears unharmed.
The zap hits the oklob plant.
The oklob plant appears unharmed.
You now have 4/7 mp.
Aim: an oklob plant (lightly damaged)
The zap hits the fungus.
The zap hits the plant. x2
The plant appears unharmed.
The zap hits the plant.
The plant appears unharmed.
The zap hits the oklob plant.
You now have 3/7 mp.
Aim: an oklob plant (lightly damaged)
The zap hits the fungus.
The zap hits the plant. x3
The zap hits the oklob plant.
You now have 2/7 mp.
Aim: an oklob plant (lightly damaged)
The zap hits the fungus.
The zap hits the plant.
The plant appears unharmed.
The zap hits the plant.
The plant appears unharmed.
The zap hits the plant.
The zap hits the oklob plant.
Aim: an oklob plant (lightly damaged)
The zap hits the fungus.
The zap hits the plant.
The plant appears unharmed.
The zap hits the plant. x2; The zap hits the oklob plant.
The oklob plant appears unharmed.
You don't have enough magic to cast that spell.
You now have 0/7 mp.
You don't have enough magic to cast that spell.
You don't have enough magic to cast that spell.
An oklob plant is nearby!
Aim: an oklob plant You miscast Shock.
You are very lightly contaminated with residual magic.
Nothing appears to happen.
Aim: an oklob plant The zap hits the fungus.
The zap hits the plant.
The plant appears unharmed.
The zap hits the plant.
The plant appears unharmed.
The zap hits the plant.
The zap hits the oklob plant.
The oklob plant appears unharmed.
You now have 0/7 mp.
Unknown command.
You don't have enough magic to cast that spell.
Natasha, Servant of Life and Death comes into view.
Really walk into a travel-excluded area?
Really walk into a travel-excluded area?
An oklob plant is nearby!
An oklob plant is nearby!
Aim: an oklob plant
Okay, then.
Your magical contamination has completely faded away.
Natasha claws you!
You take 7 damage, and have 29/36 hp.
Okay, then.
Natasha zaps a wand.
The puff of flame hits you!
It is a wand of flame (?/48) {zapped: 2}.
You take 2 damage, and have 27/36 hp.
Aim: an oklob plant The zap hits the plant.
The plant appears unharmed.
The zap hits the oklob plant.
Natasha casts a spell at you. The magic dart hits you!
You take 5 damage, and have 22/36 hp.
You now have 2/7 mp.
Aim: Natasha, carrying a wand of flame (?/48) {zapped: 3} That beam is likely to hit you.
Continue anyway? [Y]es or [N]o only, please.
That beam is likely to hit you.
Continue anyway?
Okay, then.
Aim: Natasha, carrying a wand of flame (?/48) {zapped: 3} That beam is likely to hit you.
Continue anyway?
The zap misses Natasha. x2; The zap misses you.
Natasha misses you.
You now have 1/7 mp.
Aim: Natasha, carrying a wand of flame (?/48) {zapped: 3} That beam is likely to hit you.
Continue anyway?
The zap hits Natasha.
Natasha appears unharmed.
The zap misses Natasha.
The zap hits you! Natasha casts a spell at you. You resist with some effort.
You take 3 damage, and have 19/36 hp.
You now have 0/7 mp.
You are too injured to fight recklessly!
You closely miss Natasha.
Natasha casts a spell.
You closely miss Natasha. Natasha claws you!
You take 7 damage, and have 12/36 hp.
You hit Natasha but do no damage.
The crimson imp blinks!
Natasha barely misses you.
You miss Natasha. Natasha claws you.
You take 1 damage, and have 11/36 hp.
You hit Natasha. The crimson imp misses you.
Natasha wildly gestures.
You feel disoriented.
Natasha zaps a wand.
The puff of flame hits you!
* * * LOW HITPOINT WARNING * * *
You take 9 damage, and have 2/36 hp.
MASSIVE DAMAGE!!
Aim: Natasha, carrying a wand of flame (?/48) {zapped: 4} (moderately wounded)
The zap hits Natasha.
The zap misses Natasha.
The crimson imp grinds its teeth.
The crimson imp closely misses you.
Natasha zaps a wand.
The puff of flame hits you!
You die... #..##..# #.#PP%.PPP.PPPP#PPPP#P#. ##.##..# #.#P%%PPP#PP#P.PPPP#PP#.

#.##..# #.#PP%PP.P........PPPP#.
#.##..# #.##P.P##..≈≈≈≈≈..PPPP#.
#.##..###.##PPP#..≈≈≈≈≈≈≈..PP##.
#.........#PP....≈≈≈≈≈≈≈≈≈..PP#.
####.####.#.PPP.≈≈≈≈≈≈≈≈≈≈≈.P.#.
#.# #.#.PPPh≈≈≈≈...≈≈≈h.###. #.#
#(#PPPP@....._.≈≈≈≈..... #.#
#.#PP#P5≈≈≈≈...≈≈≈≈.###. #.#
#.####..≈≈≈≈≈≈≈≈≈≈≈...#. #.#
#.#PPP...≈≈≈≈≈≈≈≈≈..P.#.
#####.######PPPPP..≈≈≈≈≈≈≈..PPP#.
#..........##.PPPP..≈≈≈≈≈..#PPP#.
###.#.######.P.##PP.......#P#P##.


#........#P#PPPPPPPPPP#PP#PPP#. #.#.######P.#PPP#P#PP.#P.PPPP#. You could see
Natasha and a crimson imp.

Vanquished Creatures
  Natasha (D:3)
  2 gnolls (D:2)
  2 worms
  A leopard gecko (D:2)
  3 orcs (D:3)
  A ball python (D:1)
  4 bats
  2 giant cockroaches
  11 goblins
  6 hobgoblins
  2 jackals (D:1)
  A quokka (D:2)
  3 frilled lizards
  7 kobolds
  5 rats
  A fungus (D:2)
52 creatures vanquished.

Notes
Turn   | Place    | Note
-------+----------+-------------------------------------------
     0 | D:1      | Gorglomux the Draconian Air Elementalist began the quest for the Orb.
     0 | D:1      | Reached XP level 1. HP: 14/14 MP: 3/3
   378 | D:1      | Reached XP level 2. HP: 15/20 MP: 5/5
   531 | D:1      | Reached skill level 2 in Conjurations
  1023 | D:2      | Gorglomux: !won
  1023 | D:2      | beem: Gorglomux has won 7 times in 517 games (1.35%): 1xBaEE 1xCeHu 1xGrGl 1xHOFi 1xKoBe 1xMiGl 1xMiMo
  1184 | D:2      | Reached XP level 3. HP: 26/26 MP: 2/6
  1791 | D:2      | Reached skill level 1 in Maces & Flails
  1792 | D:2      | Reached skill level 1 in Fighting
  1792 | D:2      | Reached XP level 4. HP: 23/35 MP: 1/7
  1832 | D:2      | Found an iron altar of Okawaru.
  1925 | D:3      | Found a blossoming altar of Fedhas.
  1943 | D:3      | Noticed an oklob plant
  2004 | D:3      | Found an ancient bone altar of Kikubaaqudgha.
  2561 | D:3      | Noticed Natasha
  2569 | D:3      | HP: 3/35 [Natasha (9)]
  2570 | D:3      | Killed Natasha
  2570 | D:3      | Reached skill level 2 in Maces & Flails
  2876 | D:2      | Found an iron altar of Okawaru.
  3075 | D:3      | Noticed Natasha
  3105 | D:3      | HP: 2/36 [Natasha/wand of flame (?/48) (9)]
  3106 | D:3      | Killed from afar by Natasha

Vault maps used:
D:1:      dpeg_arrival_refuge, minmay_bisected
D:2:      lemuel_upstairs_altar, minmay_gold_behind_fungi,
          okawaru_altar_gauntlet_db
D:3:      tgw_fedhas, nicolae_overflow_crystal_walls, minmay_misc_feat_hallway,
          minmay_misc_feat_encased, uniq_natasha

Skill      XL: |  1  2  3  4 |
---------------+-------------+-----
Conjurations   | 2 |  2.2
Maces & Flails | 1 2 |  2.1
Fighting       | 1 |  1.6
Dodging        | |  1.7
Stealth        | |  1.7
Spellcasting   | |  2.3
Air Magic      | |  3.4

Action                   |  1- 3 |  4- 6 || total
-------------------------+-------+-------++-------
Melee: Whip              |    50 |    22 ||    72
       Tailslap          |     6 |     3 ||     9
 Cast: Shock             |    55 |    34 ||    89
 Stab: Sleeping          |     1 |       ||     1
  Eat: Chunk             |     3 |       ||     3
       Royal jelly       |       |     2 ||     2
Armor: Skin              |    25 |     4 ||    29
Dodge: Dodged            |    43 |    20 ||    63

Vault maps used:
D:1:      dpeg_arrival_refuge, minmay_bisected
D:2:      lemuel_upstairs_altar, minmay_gold_behind_fungi,
          okawaru_altar_gauntlet_db
D:3:      tgw_fedhas, nicolae_overflow_crystal_walls, minmay_misc_feat_hallway,
          minmay_misc_feat_encased, uniq_natasha

Table legend:
 A = Turns spent in this place as a percentage of turns spent in the entire game.
 B = Non-inter-level travel turns spent in this place as a percentage of non-inter-level travel turns spent in the entire game.
 C = Inter-level travel turns spent in this place as a percentage of turns spent in this place.
 D = Turns resting spent in this place as a percentage of non-inter-level travel turns spent in this place.
 E = Turns spent auto-exploring this place as a percentage of non-inter-level travel turns spent in this place.
 F = Non-inter-level travel turns spent in this place divided by the number of levels of this place that you've seen.
                   A       B       C       D       E      F
               +-------+-------+-------+-------+-------+----------------------
         Total | 100.0 | 100.0 |   0.9 |   2.4 |  10.7 | 267.7
       Dungeon | 100.0 | 100.0 |   0.9 |   2.4 |  10.7 | 267.7
               +-------+-------+-------+-------+-------+----------------------

Table legend:
 A = Kills in this place as a percentage of kills in entire the game.
 B = Kills by you in this place as a percentage of kills by you in the entire game.
 C = Kills by friends in this place as a percentage of kills by friends in the entire game.
 D = Other kills in this place as a percentage of other kills in the entire game.
 E = Experience gained in this place as a percentage of experience gained in the entire game.
 F = Experience gained in this place divided by the number of levels of this place that you have seen.
                   A       B       C       D       E      F
               +-------+-------+-------+-------+-------+----------------------
         Total | 100.0 | 100.0 |  -nan |  -nan | 100.0 |  51.0
       Dungeon | 100.0 | 100.0 |  -nan |  -nan | 100.0 |  51.0
               +-------+-------+-------+-------+-------+----------------------
